 Dungeon Crawl Stone Soup version 0.30-a0-325-gb515db48ae (console) character file.

Game seed: 11145362301398845175

116 Ignak the Trooper (level 5, -1/53 HPs)
             Began as an Ogre Warper on Oct 28, 2022.
             Slain by Grinder (9 damage)
             ... on level 3 of the Dungeon.
             The game lasted 00:04:23 (2312 turns).

Ignak the Trooper (Ogre Warper)                     Turns: 2312, Time: 00:04:24

Health: -1/53      AC:  3    Str: 17    XL:     5   Next: 0%
Magic:  1/9        EV: 10    Int: 14    God:
Gold:   73         SH:  5    Dex:  8    Spells: 4/9 levels left

rFire   . . .      SeeInvis .    a - +0 mace
rCold   . . .      Faith    .    (no shield)
rNeg    . . .      Spirit   .    b - +0 robe
rPois   .          Reflect  +    (helmet restricted)
rElec   .          Harm     .    (no cloak)
rCorr   .          Rampage  .    (gloves unavailable)
Will    .....                    (boots unavailable)
Stlth   +.........               l - amulet of reflection
HPRegen 0.28/turn                (no ring)
MPRegen 0.11/turn                (no ring)

@: on blink cooldown, very slightly contaminated
A: large, unfitting armour, tough skin 1
a: no special abilities


You were on level 3 of the Dungeon.
You visited 1 branch of the dungeon, and saw 3 of its levels.

You collected 73 gold pieces.

Inventory:

Hand Weapons
 a - a +0 mace (weapon)
Missiles
 d - 7 boomerangs of dispersal
 f - 8 poisoned darts (quivered)
 q - 3 boomerangs
Armour
 b - a +0 robe (worn)
Jewellery
 l - an amulet of reflection (around neck)
Wands
 p - a wand of iceblast (3)
Scrolls
 c - a scroll of blinking
 k - 2 scrolls of noise {unknown}
 m - a scroll of identify {unknown}
 n - a scroll of immolation {unknown}
 o - a scroll of amnesia {unknown}
Potions
 e - 4 potions of curing {unknown}
 g - a potion of magic {unknown}
 h - a potion of resistance {unknown}
 i - a potion of heal wounds {unknown}
 j - a potion of mutation {unknown}


   Skills:
 * Level 3.5 Fighting
 * Level 2.4 Maces & Flails
 + Level 1.7 Throwing
 * Level 2.8 Dodging
 + Level 0.8 Unarmed Combat
 + Level 2.9 Spellcasting
 + Level 3.1 Translocations


You had 4 spell levels left.
You knew the following spells:

 Your Spells              Type           Power      Damage    Failure   Level
b - Blink                 Tloc           20%        N/A       9%          2
c - Vhi's Electric Charg  Tloc/Air       12%        N/A       34%         3

Your spell library contained the following spells:

 Spells                   Type           Power      Damage    Failure   Level
 Lesser Beckoning         Tloc           20%        N/A       19%         3
 Teleport Other           Tloc           10%        N/A       19%         3
 Manifold Assault         Tloc           10%        N/A       52%         4


Dungeon Overview and Level Annotations

Branches:
Dungeon (3/15)

Altars:

Annotations:
D:3 Grinder


Innate Abilities, Weirdness & Mutations

You are too large for most types of armour.
You have tough skin. (AC +1)


Message History

You feel sick. The adder barely misses you. The adder bites you.
* * * LOW HITPOINT WARNING * * *
Unknown command.
Unknown command.
Casting: Blink (safe; 9% risk of failure)
Confirm with . or Enter, or press ? or * to list all spells.
You miscast Blink.
You are very lightly contaminated with residual magic.
Nothing appears to happen.
You feel sick. The adder misses you.
Casting: Blink (safe; 9% risk of failure)
Confirm with . or Enter, or press ? or * to list all spells.
You blink.
An orc comes into view. It is wielding a +0 club.
You feel sick.
The orc moves out of view.
Aiming: Iceblast
Press: ? - help, Shift-Dir - straight line, f/p - adder
Aim: an adder (heavily wounded)
The mass of ice explodes!
The iceblast engulfs Grinder!
Grinder partially resists.
Grinder is moderately wounded.
The iceblast engulfs the adder!
You kill the adder!
You feel sick.
You are no longer poisoned.
You have reached level 5!
Throw: 8 darts (poison)
Press: ? - help, Q - select action, (/) - cycle Shift-Dir - straight line, f - Grinder
Aim: Grinder (moderately wounded, 50% to hit)
Okay, then.
Press: ? - help, v - describe, . - travel
Here: Grinder (moderately wounded)
The floor.
Unknown command.
Okay, then.
Blink to where?
Press: ? - help, Dir - move target
As you read the scroll of blinking, it crumbles to dust.
Grinder blinks!
Grinder attacks as you move away! Grinder hits you!
You die...

#.#.....#.# ##.#.......#
#..... #........#.# ..
...... #......##.## #.
....## . #....####.# #.
#.#..#.. ##)#.# #.# #.
##.#.#.. #)#.# #.#
#.##....o. #
#.#.####.######.##..)###.#
#)#......@5...(.....(.....
#.##############§........#
#.# #..§.††........... #.#
#.########...##### #.# #.#
#...# #.# #.# ##### #.#
##.#########
#.######..........#
#.....†...#######.#


You could see Grinder.

Vanquished Creatures
  Natasha (D:3)
  3 adders
  2 dart slugs
  2 orcs (D:3)
  3 bats
  5 endoplasms
  6 giant cockroaches
  3 goblins
  4 hobgoblins (D:1)
  4 jackals
  5 kobolds
  2 quokkas (D:1)
  6 ball pythons
  4 frilled lizards
  3 rats
53 creatures vanquished.

Vanquished Creatures (others)
  An orc (D:3)
  A goblin (D:3)
2 creatures vanquished.

Grand Total: 55 creatures vanquished

Notes
Turn   | Place    | Note
-------+----------+-------------------------------------------
     0 | D:1      | Ignak the Ogre Warper began the quest for the Orb.
     0 | D:1      | Reached XP level 1. HP: 22/22 MP: 3/3
    69 | D:1      | Reached XP level 2. HP: 28/29 MP: 5/5
    85 | D:1      | Learned a level 2 spell: Blink
   642 | D:1      | Reached XP level 3. HP: 32/37 MP: 6/6
   646 | D:1      | Learned a level 3 spell: Vhi's Electric Charge
  2028 | D:3      | Reached XP level 4. HP: 45/45 MP: 8/8
  2280 | D:3      | Noticed Natasha
  2284 | D:3      | Killed Natasha
  2292 | D:3      | Noticed Grinder
  2310 | D:3      | Reached XP level 5. HP: 7/53 MP: 1/9
  2312 | D:3      | Slain by Grinder

Illustrated notes

Levels and vault maps discovered:
D:1:      minmay_arrival_glassed_features, layout_basic
D:2:      layout_loops_ring
D:3:      layout_loops_ring, mainiacjoe_overflow_alcove_1,
          mainiacjoe_overflow_six_doors_small, uniq_grinder, uniq_natasha

Skill      XL: |  1  2  3 |
---------------+----------+-----
Maces & Flails | 2 |  2.4
Fighting       | 3 |  3.5
Translocations | 3 |  3.1
Throwing       | |  1.7
Dodging        | |  2.8
Unarmed Combat | |  0.8
Spellcasting   | |  2.9

Action                   |  1- 3 |  4- 6 || total
-------------------------+-------+-------++-------
Melee: Mace              |   114 |    30 ||   144
       Punch             |     1 |       ||     1
       Dagger            |    53 |       ||    53
Throw: Dart              |     1 |     3 ||     4
 Cast: Vhi's Electric Ch |     1 |       ||     1
       Blink             |       |     4 ||     4
Evoke: Wand              |       |     3 ||     3
  Use: Scroll            |       |     1 ||     1
Armor: Robe              |    40 |    18 ||    58
Dodge: Dodged            |    78 |    30 ||   108
Block: Other             |    12 |    11 ||    23

Table legend: (Time is in decaauts)
 A = Elapsed time spent in this place.
 B = Non-inter-level travel time spent in this place.
 C = Inter-level travel time spent in this place.
 D = Time resting spent in this place.
 E = Time spent auto-exploring this place.
 F = Levels seen in this place.
 G = Mean time per level.
                   A        B        C        D        E       F      G
               +--------+--------+--------+--------+--------+-----+--------+
         Total |   2341 |   2267 |     74 |    443 |   1189 |   3 |  780.3 |
       Dungeon |   2341 |   2267 |     74 |    443 |   1189 |   3 |  780.3 |
               +--------+--------+--------+--------+--------+-----+--------+

Top non-repeatable levels by time:
     D:1: 1039 daAuts
     D:2: 965 daAuts
     D:3: 336 daAuts
